 Dungeon Crawl Stone Soup version 0.27-a0-385-g3208abaabc (webtiles) character file.

Game seed: 11527366770990324914

60 dickylongcocking the Chopper (level 3, -6/33 HPs)
             Began as a Deep Dwarf Monk on Feb 20, 2021.
             Mangled by a worm (9 damage)
             ... on level 2 of the Dungeon.
             The game lasted 00:01:04 (965 turns).

dickylongcocking the Chopper (Deep Dwarf Monk)       Turns: 965, Time: 00:01:05

Health: -6/33      AC:  3    Str: 15    XL:     3   Next: 80%
Magic:  3/3        EV: 13    Int: 10    God:
Gold:   29         SH:  0    Dex: 15    Spells: 2/2 levels left

rFire    . . .     SeeInvis .   a - +0 hand axe
rCold    . . .     Faith    .   (no shield)
rNeg     . . .     Spirit   .   b - +0 robe
rPois    .         Reflect  .   (no helmet)
rElec    .         Harm     .   (no cloak)
rCorr    .         Rampage  .   e - +0 pair of gloves
Will     .....                  (no boots)
Stlth    ++........             (no amulet)
HPRegen  0.00/turn              (no ring)
MPRegen  0.08/turn              (no ring)

@: non-regenerating
A: damage resistance, heal wounds, sense surroundings 1, no regeneration
a: Heal Wounds


You were on level 2 of the Dungeon.
You visited 1 branch of the dungeon, and saw 2 of its levels.

You collected 29 gold pieces.

Inventory:

Hand Weapons
 a - a +0 hand axe (weapon)
Armour
 b - a +0 robe (worn)
 e - a +0 pair of gloves (worn)
Scrolls
 d - a scroll of immolation {unknown}
 f - a scroll of identify {unknown}


   Skills:
 - Level 2.6 Fighting
 * Level 5.3 Axes
 - Level 3.2 Dodging
 - Level 2.4 Stealth


You had 2 spell levels left.
You didn't know any spells.
Your spell library was empty.

Dungeon Overview and Level Annotations

Branches:
Dungeon (2/15)

Altars:


Innate Abilities, Weirdness & Mutations

You are resistant to damage.
You can heal yourself by infusing magical energy.
You passively map a small area around you.
You do not regenerate.


Message History

* * * LOW HITPOINT WARNING * * *
You are poisoned.
The adder poisons you!
You slash the adder!
You kill the adder!
Your Axes skill increases to level 5!
You see here an adder corpse.
You now have 29 gold pieces (gained 6).
You are no longer poisoned.
An adder comes into view.
The adder moves out of view.
The adder hisses angrily.
An adder is nearby!
An adder is nearby!
An adder is nearby!
A worm comes into view.
You closely miss the adder. The adder bites you.
* * * LOW HITPOINT WARNING * * *
A worm comes into view.
You barely miss the adder. The adder closely misses you.
You slash the adder!
The adder is almost dead.
The adder closely misses you. The adder completely misses you.
You slash the adder!
You kill the adder!
You feel a little less mighty now.
You slash the worm!
The worm is moderately wounded.
The worm misses you.
You hit the worm.
The worm is heavily wounded.
You hit the worm.
The worm is heavily wounded.
The worm closely misses you.
You hit the worm.
The worm is severely wounded.
You hit the worm but do no damage.
The worm is severely wounded.
The worm bites you!
You die...

, , #.. * , , * #.#*,
,, * , *###.#### ,,
...... , * *, , ...., ,
* ########.#
,.........###.#.##, **
**#####...@w......
.#######......?########
...........#.### *
.#######.#.#.# #.#†#.##
* *#......## * , ,
*#.......#
*#.......#######,* *
#..............


You could see a worm.

Vanquished Creatures
  3 adders (D:2)
  A worm (D:2)
  3 dart slugs (D:1)
  2 leopard geckos (D:2)
  A giant cockroach (D:1)
  2 hobgoblins (D:1)
  A bat (D:2)
  3 frilled lizards (D:1)
  5 goblins
  3 rats (D:1)
24 creatures vanquished.

Vanquished Creatures (others)
  7 plants (D:2)
7 creatures vanquished.

Grand Total: 31 creatures vanquished

Notes
Turn   | Place    | Note
-------+----------+-------------------------------------------
     0 | D:1      | dickylongcocking the Deep Dwarf Monk began the quest for
                  | the Orb.
     0 | D:1      | Reached XP level 1. HP: 20/20 MP: 1/1
   219 | D:1      | Reached XP level 2. HP: 18/27 MP: 2/2
   316 | D:1      | Reached skill level 4 in Axes
   814 | D:2      | Reached XP level 3. HP: 8/33 MP: 3/3
   932 | D:2      | Reached skill level 5 in Axes
   965 | D:2      | Mangled by a worm

Illustrated notes

Levels and vault maps discovered:
D:1:      dpeg_arrival_tiny_a, layout_basic, minmay_misc_feat_roman
D:2:      layout_loops_ring, lemuel_crystal_altar,
          nemelex_xobeh_ov_fountains_minmay, fedhas_altar_2,
          lemuel_doored_altar, nicolae_ru_the_path_less_chosen, uniq_jessica

Skill      XL: |  1  2  3 |
---------------+----------+-----
Axes           | 4 5 |  5.3
Fighting       | |  2.6
Dodging        | |  3.2
Stealth        | |  2.4

Action                   || total
-------------------------++-------
Melee: Hand axe          ||    80
  Use: Potion            ||     4
 Stab: Sleeping          ||     7
Armor: Robe              ||    12
       Skin              ||     7
Dodge: Dodged            ||    41

Table legend: (Time is in decaauts)
 A = Elapsed time spent in this place.
 B = Non-inter-level travel time spent in this place.
 C = Inter-level travel time spent in this place.
 D = Time resting spent in this place.
 E = Time spent auto-exploring this place.
 F = Levels seen in this place.
 G = Mean time per level.
                   A        B        C        D        E       F      G
               +--------+--------+--------+--------+--------+-----+--------+
         Total |    971 |    944 |     27 |     39 |    675 |   2 |  485.5 |
       Dungeon |    971 |    944 |     27 |     39 |    675 |   2 |  485.5 |
               +--------+--------+--------+--------+--------+-----+--------+

Top non-repeatable levels by time:
     D:1: 753 daAuts
     D:2: 218 daAuts
